 Dungeon Crawl Stone Soup version 0.27.0-1-g7a089689b8 (webtiles) character file.

Game seed: 18442143777433898986

44 lnt the Sneak (level 3, 0/15 HPs)
             Began as a Felid Venom Mage on Aug 5, 2021.
             Succumbed to an adder's poison
             ... on level 2 of the Dungeon.
             The game lasted 00:08:41 (1882 turns).

lnt the Sneak (Felid Venom Mage)                    Turns: 1882, Time: 00:08:41

Health: 0/15       AC:  1    Str:  4    XL:     3   Next: 39%
Magic:  6/8        EV: 18    Int: 19    God:
Gold:   71         SH:  0    Dex: 16    Spells: 3/6 levels left
                                        Lives:  0   Deaths: 0

rFire    . . .     SeeInvis +   (weapon unavailable)
rCold    . . .     Faith    .   (shield unavailable)
rNeg     . . .     Spirit   .   (armour unavailable)
rPois    .         Reflect  .   (helmet unavailable)
rElec    .         Harm     .   (cloak unavailable)
rCorr    .         Rampage  .   (gloves unavailable)
Will     .....                  (boots unavailable)
Stlth    ++........             (no amulet)
HPRegen  0.05/turn              (no ring)
MPRegen  0.11/turn              (no ring)

@: lethally poisoned (0 -> -1), quick
A: very small, claws 1, fangs 3, see invisible, speed 1, shaggy fur 1, stealthy
paws, no weapons or thrown items, no armour, multi-lived, clever 1, high mp 1,
evolution 1
a: no special abilities


You were on level 2 of the Dungeon.
You visited 1 branch of the dungeon, and saw 2 of its levels.

You collected 71 gold pieces.

Inventory:

Scrolls
 b - a scroll of teleportation
Potions
 c - a potion of mutation


   Skills:
 * Level 1.3 Fighting
 + Level 3.3 Dodging
 + Level 3.4 Stealth
 + Level 2.3 Spellcasting
 - Level 1.1 Transmutations
 + Level 3.0 Poison Magic


You had 3 spell levels left.
You knew the following spells:

 Your Spells              Type           Power      Damage    Failure   Level
a - Sting                 Tmut/Pois      40%        1d5       7%          1
b - Poisonous Vapours     Pois/Air       14%        N/A       13%         2

Your spell library contained the following spells:

 Spells                   Type           Power      Damage    Failure   Level
 Mephitic Cloud           Conj/Pois/Air  6%         N/A       32%         3
 Olgreb's Toxic Radiance  Pois           13%        N/A       43%         4
 Alistair's Intoxication  Tmut/Pois      6%         N/A       89%         5
 Borgnjor's Vile Clutch   Necr/Erth      1%         N/A       99%         5
 Eringya's Noxious Bog    Tmut/Pois      5%         N/A       100%        6


Dungeon Overview and Level Annotations

Branches:
Dungeon (2/15)

Altars:


Innate Abilities, Weirdness & Mutations

You have sharp claws.
You have razor-sharp teeth.
You have supernaturally acute eyesight. (SInv)
You cover ground quickly. (Speed+)
You are covered in fur. (AC +1)
Your paws help you pounce on unaware monsters.
You are incapable of wielding weapons or throwing items.
You cannot wear armour.
You gain extra lives every three experience levels.
Your mind is acute. (Int +2)
You have an increased reservoir of magic. (+10% MP)
You evolve.


Message History

The adder is severely wounded.
The adder bites you.
You are poisoned.
The adder poisons you! The adder barely misses you.
Casting: Sting (safe; 9% risk of failure)
Confirm with . or Enter, or press ? or * to list all spells.
Aiming: Sting (safe; 9% risk of failure)
Press: ? - help, Shift-Dir - straight line, f - adder
Aim: an adder (severely wounded, 48% to hit)
The sting hits the adder but does no damage.
The adder is poisoned.
The adder is severely wounded.
You feel sick. The adder bites you.
You are lethally poisoned!
The adder poisons you!
You feel sick.
* * * LOW HITPOINT WARNING * * *
You feel sick.
* * * LOW HITPOINT WARNING * * *
You feel sick.
* * * LOW HITPOINT WARNING * * *
You feel sick.
It was a potion of mutation.
You feel extremely strange.
You feel more energetic.
You feel nature experimenting on you.
Don't worry, failures die fast.
You feel clever.
* * * LOW HITPOINT WARNING * * *
You feel sick.
You kill the adder!
Your Poison Magic skill increases to level 3!
Okay, then.
Okay, then.
As you read the scroll labelled HOGAOFY JUDA, it crumbles to dust.
It is a scroll of identify.
b - a scroll of teleportation
* * * LOW HITPOINT WARNING * * *
You feel sick.
As you read the scroll labelled VEXECZ CAOMP, it crumbles to dust.
You speak a Word of immense power!
It was a scroll of holy word.
You die...

....... #.......#
#.......########
#..............#
#..............# ###
##..............# ..#
######...............#
..###.............#...####
..##.....##(....@†..###
.......####.........#
.....######.#######.......
....####....# ##......
...###...#### ......
)..)...### #..... ....####
#########...... ...##
#####.............. ...>#
#.........<..# ....


There were no monsters in sight!

Vanquished Creatures
  An adder (D:2)
  A dart slug (D:1)
  3 bats
  4 endoplasms
  5 hobgoblins
  2 jackals (D:1)
  3 kobolds
  A quokka (D:1)
  2 ball pythons (D:1)
  2 frilled lizards (D:1)
  4 goblins
  2 rats (D:1)
30 creatures vanquished.

Notes
Turn   | Place    | Note
-------+----------+-------------------------------------------
     0 | D:1      | lnt the Felid Venom Mage began the quest for the Orb.
     0 | D:1      | Reached XP level 1. HP: 7/7 MP: 4/4
   444 | D:1      | Reached XP level 2. HP: 12/12 MP: 6/6
  1397 | D:2      | Reached skill level 1 in Fighting
  1574 | D:1      | Learned a level 2 spell: Poisonous Vapours
  1603 | D:2      | Reached XP level 3. HP: 15/15 MP: 5/7
  1880 | D:2      | Gained mutation: You have an increased reservoir of magic.
                  | (+10% MP) [potion of mutation]
  1880 | D:2      | Gained mutation: You evolve. [potion of mutation]
  1880 | D:2      | Gained mutation: Your mind is acute. (Int +2) [potion of
                  | mutation]
  1882 | D:2      | Succumbed to an adder's poison

Illustrated notes

Levels and vault maps discovered:
D:1:      minmay_arrival_up_and_down, layout_basic
D:2:      layout_rooms, serial_shops, nicolae_shop_overgrown_old_shop

Skill      XL: |  1  2  3 |
---------------+----------+-----
Stealth        | 3 |  3.4
Dodging        | 3 |  3.3
Fighting       | 1 |  1.3
Poison Magic   | 3 |  3.0
Spellcasting   | |  2.3
Transmutations | |  1.1

Action                   || total
-------------------------++-------
Melee: Unarmed           ||    22
       Bite              ||     2
 Cast: Sting             ||    39
  Use: Scroll            ||     2
       Potion            ||     1
 Stab: Sleeping          ||     7
Armor: Skin              ||     2
Dodge: Dodged            ||    32
